 Dungeon Crawl Stone Soup version 0.20.0-15-g7f486f2 (webtiles) character file.

296646 botchamania the Wrestler (level 20, -17/191 HPs)
             Began as a Ghoul Monk on June 25, 2017.
             Was an Elder of Okawaru.
             Killed from afar by a spellforged servitor (73 damage)
             ... with an iron shot
             ... summoned by Frederick
             ... on level 4 of the Vaults on June 26, 2017.
             The game lasted 02:00:27 (40392 turns).

botchamania the Wrestler (Ghoul Monk)              Turns: 40392, Time: 02:00:27

Health: -17/191    AC: 36    Str: 23    XL:     20   Next: 91%
Magic:  20/22      EV: 16    Int:  5    God:    Okawaru [****..]
Gold:   2030       SH:  0    Dex: 16    Spells: 19/19 levels left

rFire    + + .     SeeInvis .     - Unarmed
rCold    + . .     Gourm    .   (no shield)
rNeg     + + +     Faith    .   m - +6 plate armour {rF+}
rPois    ∞         Spirit   .   H - +0 helmet
rElec    +         Reflect  .   f - +2 cloak {rF+}
rCorr    .         Harm     .   (no gloves)
MR       ++...                  W - +2 pair of boots
Stlth    ..........             Q - amulet of regeneration
Regen    0.0/turn               i - ring "Rynuqe" {rElec rPois rN++ Str+2 Dex+2}
MPRegen  0.2/turn               E - ring of protection from magic

@: heroism, rotting, hasted, very quick
A: rotting body, claws 1, carnivore 3, cold resistance 1, negative energy
resistance 3, inhibited regeneration, torment resistance, unbreathing
}: 2/15 runes: barnacled, gossamer
a: Heroism, Renounce Religion


You were on level 4 of the Vaults.
You worshipped Okawaru.
Okawaru was greatly pleased with you.
You were not hungry.

You visited 6 branches of the dungeon, and saw 35 of its levels.
You also visited: Labyrinth, Ice Cave and Volcano.

You collected 3103 gold pieces.
You spent 1073 gold pieces at shops.

Inventory:

Missiles
 n - 17 silver javelins
 G - a poisoned javelin (quivered)
Armour
 f - a +2 cloak of fire resistance (worn)
 g - the +0 pair of boots of Makhleb's Hope {rElec}
   (You found it on level 14 of the Dungeon)

   It insulates you from electricity.
 m - a +6 plate armour of fire resistance (worn)
 y - the +0 pair of gloves of Hairiness {rF+ MP+9 Dex+2 Stlth+}
   (Okawaru gifted it to you on level 4 of the Spider Nest)

   It affects your dexterity (+2).
   It protects you from fire.
   It affects your magic capacity (+9).
   It makes you more stealthy.
 H - a +0 helmet (worn)
 J - the +1 pair of boots of the Poles {rPois Str+2}
   (You acquired it on level 13 of the Dungeon)

   It affects your strength (+2).
   It protects you from poison.
 W - a +2 pair of boots (worn)
Jewellery
 i - the ring "Rynuqe" (left claw) {rElec rPois rN++ Str+2 Dex+2}
   (You found it on level 3 of the Vaults)

   [ring of poison resistance]

   It affects your strength (+2).
   It affects your dexterity (+2).
   It insulates you from electricity.
   It protects you from poison.
   It greatly protects you from negative energy.
 p - an uncursed ring of protection from fire
 t - a +4 amulet of reflection
 w - an uncursed amulet of magic regeneration
 x - an uncursed ring of flight
 D - the ring of Nenoguw {Str+4 Int+2}
   (You found it on level 2 of the Shoals)

   [ring of intelligence]

   It affects your strength (+4).
   It affects your intelligence (+2).
 E - a ring of protection from magic (right claw)
 F - an uncursed ring of protection from cold
 I - an uncursed ring of magical power
 Q - an amulet of regeneration (around neck)
 V - a +3 ring of evasion
 X - the ring "Sohim" {*Tele Str+2}
   (You found it on level 10 of the Dungeon)

   [ring of teleportation]

   It may teleport you next to monsters.
   It affects your strength (+2).
Wands
 a - a wand of acid (0/15)
 h - a wand of iceblast (5/15)
 l - a wand of confusion (14/48)
 A - a wand of iceblast (4/15)
 C - a wand of iceblast (5/15)
 M - a wand of clouds (0/9)
 N - a wand of iceblast (8/15)
 O - a wand of clouds (0/9)
 P - a wand of scattershot (0/9)
 Y - a wand of digging (3/24)
Scrolls
 c - a scroll of silence
 e - 16 scrolls of teleportation
 o - 4 scrolls of fear
 s - 8 scrolls of recharging
 v - 15 scrolls of remove curse
 B - a scroll of identify
 R - 7 scrolls of amnesia
 U - 2 scrolls of magic mapping
Potions
 d - a potion of cancellation
 j - 7 potions of ambrosia
 k - 4 potions of agility
 q - 2 potions of brilliance
 r - 2 potions of magic
 u - 7 potions of lignification
 z - a potion of haste
 L - a potion of mutation
 S - 3 potions of curing
 T - 3 potions of flight
Comestibles
 b - 16 meat rations
 K - 20 royal jellies
 Z - 16 chunks of flesh


   Skills:
 - Level 19.5(24.5) Fighting
 - Level 2.1(7.1) Throwing
 - Level 18.4(23.4) Armour
 + Level 9.0(14.0) Dodging
 - Level 2.8(7.8) Stealth
 - Level 21.8(26.8) Unarmed Combat
 - Level 5.2 Invocations
 - Level 3.4 Evocations


You had 19 spell levels left.
You didn't know any spells.

Dungeon Overview and Level Annotations

Branches:
Dungeon (15/15)              Lair (6/6) D:10         Shoals (4/4) Lair:3
 Spider (4/4) Lair:4        Slime (0/5) Lair:6          Orc (2/2) D:12
    Elf (0/3) Orc:2        Vaults (4/5) D:14          Crypt (0/3) Vaults:3
 Depths (0/5) D:15
 Temple: D:4-7

Altars:
Ashenzari
Cheibriados
Dithmenos
Elyvilon
Fedhas
Gozag
Hepliaklqana
Kikubaaqudgha
Makhleb
Nemelex Xobeh
Okawaru
Sif Muna
Trog
Uskayaw
Vehumet
Xom
Yredelemnul
The Shining One
Beogh
Jiyva

Shops:
D:5 }   D:7 }   D:9 ?(}=:   Orc:2 }?[*   Vaults:3 =?}?

Portals:
Trove: D:11 (give +3 gold dragon scales)

Annotations:
D:3 Sheala's ghost, amateur HOMo
Lair:3 exclusion: 2 oklob plants
Vaults:4 Frederick


Innate Abilities, Weirdness & Mutations

Your body is rotting away.
You thrive on raw meat.
You are immune to poison.
You have sharp fingernails.
You are carnivorous and can eat meat at any time.
Your flesh is cold resistant. (rC+)
You are immune to negative energy. (rN+++)
You do not regenerate when monsters are visible.
You are immune to unholy pain and torment.
You can survive without breathing.


Message History

The lich is moderately damaged.
The lich touches you!
You closely miss the lich.
The lich is moderately damaged.
The lich touches you but does no damage.
The spellforged servitor points at you and mumbles some strange words.
The iron shot hits you!
* * * LOW HITPOINT WARNING * * *
You scratch the lich but do no damage. You claw the lich, but do no damage.
The lich is moderately damaged.
The lich barely misses you.
You feel yourself speed up. The lich barely misses you.
You gain the combat prowess of a mighty hero.
The lich barely misses you.
You claw the lich! x2
The lich is severely damaged.
The lich touches you but does no damage.
The spellforged servitor casts a spell at you.
The iron shot hits you!
You die...

.# # # #.
##.#.#.#.#.##
#.#.#.#.#.#.#
# #.#.....#.##
.#.#.......#.#
+..#.....#..#
#.......#.#
#....L#.#
#.#.#)#@#
#.#.#8#.#
#.#...#.#.#
###### ##+#


You could see a lich and a spellforged servitor.

Vanquished Creatures
  3 tentacled monstrosities
  Rupert (D:12)
  Asterion (Spider:1)
  A sphinx (Vaults:2)
  Kirke (D:12)
  Ilsuiw (Shoals:4)
  A tengu reaver (Vaults:4)
  5 ghost moths
  Louise (Spider:1)
  Aizul (Vaults:1)
  A curse skull (Vaults:3)
  4 vault wardens
  A frost giant (IceCv)
  An orc warlord (Orc:1)
  A deep elf sorcerer (Vaults:3)
  2 emperor scorpions (Spider:4)
  5 ironheart preservers
  3 stone giants
  3 very ugly things
  A war gargoyle (Vaults:3)
  2 entropy weavers
  A deep elf annihilator (Vaults:3)
  3 spark wasps (Spider:4)
  8 merfolk javelineers
  An ettin (Vaults:3)
  Snorg (Lair:4)
  A minotaur (Lab)
  3 fire dragons
  A great orb of eyes (Vaults:1)
  12 merfolk impalers
  6 ogre magi
  4 yaktaur captains
  2 vault guards
  An ice dragon (Vaults:1)
  8 hydras
  The ghost of Zleub the Basher, a journeyman GrFi of Makhleb (Lair:5)
  4 death knights
  A rakshasa (D:15)
  5 merfolk aquamancers
  3 merfolk avatars
  An alligator snapping turtle (Shoals:4)
  An alligator (Lair:6)
  6 centaur warriors
  4 satyrs
  A death yak (IceCv)
  22 two-headed ogres
  4 orc high priests
  The ghost of Haldmier the Spear-Bearer, a novice MfIE of Fedhas (Lab)
  A sun demon (Volcano)
  2 deep elf knights
  2 skeletal warriors
  A hell knight (Volcano)
  13 sea snakes
  A shadow wraith (Vaults:3)
  2 glowing orange brains
  6 unseen horrors
  2 flayed ghosts
  A deep troll (shapeshifter) (Vaults:1)
  A necromancer (Vaults:3)
  7 ironbrand convokers
  2 wizards
  26 harpies
  A lindwurm (shapeshifter) (D:15)
  6 deep elf magi (Vaults:3)
  An orb spider (shapeshifter) (D:15)
  13 orc knights
  3 deep elf archers (Vaults:3)
  4 phantasmal warriors (Vaults:3)
  21 orb spiders
  A wolf spider zombie (D:13)
  25 wolf spiders
  A large abomination (D:13)
  A salamander (shapeshifter) (D:15)
  A faun (shapeshifter) (Vaults:3)
  13 fauns
  10 cyclopes
  24 ugly things
  9 manticores
  2 moths of wrath
  6 orc sorcerers
  13 elephants
  3 black mambas
  2 centaur zombies
  9 merfolk sirens
  6 vault sentinels
  9 water nymphs
  A black mamba (shapeshifter) (D:15)
  3 torpor snails
  2 gargoyles
  2 molten gargoyles (Volcano)
  3 kobold demonologists
  12 spiny frogs
  5 komodo dragons
  A rime drake (shapeshifter) (Vaults:2)
  11 yaktaurs
  2 ice devils (Lair:4)
  A rime drake (IceCv)
  9 demonic crawlers
  7 freezing wraiths
  2 red devils (Volcano)
  A queen bee (Spider:4)
  34 jumping spiders
  9 trolls
  3 meliai (Spider:4)
  A meliai (shapeshifter) (Vaults:2)
  A queen bee (shapeshifter) (Vaults:2)
  The ghost of NorthaanB the Slasher, an amateur BaFi (D:5)
  23 merfolk
  29 polar bears
  A troll (shapeshifter) (Vaults:2)
  7 wind drakes
  15 hornets
  3 raiju (Lair:6)
  18 slime creatures
  21 hippogriffs
  Prince Ribbit (D:7)
  3 snapping turtles
  8 blink frogs
  4 wraiths
  69 redbacks
  71 yaks
  2 yaks (shapeshifter)
  15 water elementals
  2 hogs (D:7)
  5 basilisks
  4 shadows (D:10)
  34 tarantellas
  5 fire bats
  4 wyverns
  A hog (shapeshifter) (Vaults:3)
  15 vampire mosquitoes
  A yaktaur simulacrum (Vaults:3)
  3 chaos spawn (D:13)
  2 hungry ghosts
  10 wargs
  An insubstantial wisp (Lair:3)
  A soldier ant (shapeshifter) (Vaults:2)
  Duvessa (D:5)
  16 hell hounds
  11 water moccasins
  3 porcupines
  32 orc warriors
  12 ice beasts
  18 black bears
  A necrophage (D:13)
  6 sky beasts
  4 phantoms
  23 centaurs
  An eye of draining (D:11)
  28 ogres
  12 boggarts
  31 wolves
  12 crocodiles
  7 big kobolds
  Blork the orc (D:5)
  A gnoll sergeant (D:7)
  17 bullfrogs
  5 small abominations (D:13)
  Dowan (D:5)
  A wyvern zombie (D:12)
  4 scorpions
  15 killer bees
  12 wights
  5 electric eels
  9 howler monkeys
  9 crimson imps
  7 lava snakes (Volcano)
  A bullfrog zombie (D:8)
  A quasit (D:14)
  10 hounds
  21 orc priests
  5 centaur skeletons
  3 jellies
  25 orc wizards
  2 bullfrog skeletons
  5 iguanas
  8 worker ants
  A killer bee zombie (D:8)
  A hound zombie (D:6)
  A worker ant zombie (D:9)
  18 adders
  5 gnolls
  6 shadow imps
  5 oozes
  2 adder skeletons (D:9)
  3 worms
  3 dart slugs
  11 leopard geckos
  122 orcs
  8 giant cockroaches
  16 hobgoblins
  8 jackals
  4 quokkas
  20 bats
  3 frilled lizards
  10 goblins
  30 kobolds
  A leopard gecko skeleton (D:4)
  A quokka skeleton (D:9)
  A quokka zombie (D:5)
  4 rats
  2 plants (Shoals:4)
1558 creatures vanquished.

Vanquished Creatures (others)
  A harpy (Shoals:4)
  A faun (Shoals:4)
  A tarantella (Spider:4)
  2 humans (D:12)
  2 hogs (D:7)
  2 fungi
  43 plants
52 creatures vanquished.

Grand Total: 1610 creatures vanquished

Notes
Turn   | Place    | Note
-------+----------+-------------------------------------------
     0 | D:1      | botchamania the Ghoul Monk began the quest for the Orb.
     0 | D:1      | Reached XP level 1. HP: 19/19 MP: 0/0
   105 | D:1      | Reached XP level 2. HP: 19/26 MP: 1/1
   142 | D:1      | Reached skill level 4 in Unarmed Combat
   535 | D:1      | Reached XP level 3. HP: 11/31 MP: 2/2
  1221 | D:2      | Reached skill level 5 in Unarmed Combat
  1293 | D:2      | Reached XP level 4. HP: 36/38 MP: 3/3
  1313 | D:2      | Found a hazy altar of Hepliaklqana.
  1735 | D:2      | Found a shadowy altar of Dithmenos.
  1738 | D:2      | Reached skill level 6 in Unarmed Combat
  1783 | D:2      | Reached XP level 5. HP: 44/44 MP: 4/4
  1859 | D:3      | Noticed Sheala's ghost (amateur HOMo)
  2260 | D:3      | Found a hide-covered altar of Uskayaw.
  2421 | D:3      | Reached skill level 7 in Unarmed Combat
  2468 | D:3      | Reached XP level 6. HP: 45/51 MP: 5/5
  3277 | D:4      | Noticed a phantom
  3295 | D:4      | Killed a phantom
  3295 | D:4      | Reached skill level 8 in Unarmed Combat
  3295 | D:4      | Reached XP level 7. HP: 42/57 MP: 6/6
  3599 | D:3      | Found a deep blue altar of Sif Muna.
  3662 | D:4      | You fall through a shaft for 2 floors!
  3688 | D:5      | Entered Level 5 of the Dungeon
  3689 | D:5      | Found Guergheol's Gadget Boutique.
  3733 | D:5      | Found a shattered altar of Ashenzari.
  3739 | D:5      | Reached skill level 9 in Unarmed Combat
  3745 | D:5      | Noticed Blork the orc
  3761 | D:5      | Killed Blork the orc
  3859 | D:5      | Noticed Dowan
  3873 | D:5      | Noticed Duvessa
  3885 | D:5      | Killed Duvessa
  3885 | D:5      | Reached skill level 10 in Unarmed Combat
  3885 | D:5      | Reached XP level 8. HP: 29/63 MP: 7/7
  3888 | D:5      | Killed Dowan
  4266 | D:5      | Found a radiant altar of Vehumet.
  4278 | D:5      | Noticed NorthaanB's ghost (amateur BaFi)
  4294 | D:5      | Killed NorthaanB's ghost
  4294 | D:5      | Reached skill level 11 in Unarmed Combat
  4938 | D:5      | Reached skill level 1 in Armour
  5176 | D:6      | Reached XP level 9. HP: 38/73 MP: 8/8
  5321 | D:6      | Reached skill level 5 in Fighting
  5373 | D:6      | Found a snail-covered altar of Cheibriados.
  5384 | D:6      | Found a blossoming altar of Fedhas.
  5445 | D:6      | Found a sparkling altar of Nemelex Xobeh.
  5857 | D:6      | Found an iron altar of Okawaru.
  6252 | D:7      | Noticed Prince Ribbit
  6261 | D:7      | Killed Prince Ribbit
  6316 | D:7      | Found Omoiterch's Gadget Emporium.
  6494 | D:7      | Reached skill level 5 in Armour
  6740 | D:7      | Found a huge runed gate.
  6740 | D:7      | Found a huge runed gate.
  6741 | D:7      | Found a huge runed gate.
  6742 | D:7      | Noticed a polar bear
  6742 | D:7      | Found a huge runed gate.
  6743 | D:7      | Noticed a polar bear
  6752 | D:7      | Noticed a manticore
  6795 | D:7      | Reached XP level 10. HP: 54/88 MP: 9/9
  6851 | D:7      | Killed a manticore
  7509 | D:7      | Found a burning altar of Makhleb.
  7509 | D:7      | Found a shimmering altar of Xom.
  7597 | D:6      | Became a worshipper of Warmaster Okawaru
  7597 | D:6      | Reached * piety under Okawaru
  7597 | D:6      | Reached ** piety under Okawaru
  8044 | D:8      | Noticed a two-headed ogre
  8049 | D:8      | Killed a two-headed ogre
  8049 | D:8      | Reached skill level 12 in Unarmed Combat
  8223 | D:8      | Reached XP level 11. HP: 72/99 MP: 7/10
  8732 | D:9      | Noticed a two-headed ogre
  8742 | D:9      | Killed a two-headed ogre
  8742 | D:9      | Reached skill level 13 in Unarmed Combat
  8749 | D:9      | Reached *** piety under Okawaru
  8850 | D:9      | Found Jeomuota's Book Shop.
  8867 | D:9      | Found Xotoli's Gadget Emporium.
  8952 | D:9      | Found Suffiunk's Weapon Shop.
  9294 | D:9      | Noticed a two-headed ogre
  9305 | D:9      | Killed a two-headed ogre
  9325 | D:9      | Found Wyimahudd's Magic Scroll Boutique.
  9328 | D:9      | Bought a scroll of teleportation for 39 gold pieces
  9328 | D:9      | Bought a scroll of fear for 45 gold pieces
  9328 | D:9      | Bought a scroll of identify for 26 gold pieces
  9618 | D:9      | Reached skill level 14 in Unarmed Combat
  9722 | D:9      | Noticed a two-headed ogre
  9732 | D:9      | Killed a two-headed ogre
  9880 | D:9      | Found Qixiurha's Jewellery Shop.
  9892 | D:9      | Bought an uncursed amulet of regeneration for 360 gold pieces
  9922 | D:10     | Entered Level 10 of the Dungeon
 10116 | D:10     | Found a staircase to the Lair.
 10134 | D:10     | Reached **** piety under Okawaru
 10294 | D:10     | Found a runed door.
 10317 | D:10     | Found a bloodstained altar of Trog.
 10326 | D:10     | Found a hide-covered altar of Uskayaw.
 10345 | D:10     | Found a shadowy altar of Dithmenos.
 10356 | D:10     | Found a glowing golden altar of the Shining One.
 10395 | D:10     | Found a white marble altar of Elyvilon.
 10435 | D:10     | Reached skill level 15 in Unarmed Combat
 10461 | D:10     | Found an opulent altar of Gozag.
 10540 | D:10     | Reached XP level 12. HP: 53/105 MP: 9/11
 11466 | D:10     | Reached skill level 16 in Unarmed Combat
 11471 | D:10     | Got an ancient pewter ring
 11475 | D:10     | Identified the ring "Sohim" {*Tele Str+2} (You found it on level 10 of the Dungeon)
 11504 | Lair:1   | Entered Level 1 of the Lair of Beasts
 11960 | Lair:1   | Noticed a four-headed hydra
 11994 | Lair:1   | Killed a four-headed hydra
 12486 | Lair:2   | Reached skill level 17 in Unarmed Combat
 12596 | Lair:2   | Reached ***** piety under Okawaru
 13652 | Lair:3   | Reached skill level 18 in Unarmed Combat
 13694 | Lair:3   | Reached XP level 13. HP: 60/113 MP: 12/12
 13924 | Lair:3   | Received a gift from Okawaru
 14473 | Lair:3   | Found a staircase to the Shoals.
 15073 | Lair:4   | Reached skill level 10 in Fighting
 15097 | Lair:4   | Found a frozen archway.
 15178 | IceCv    | Entered an ice cave
 15930 | IceCv    | Noticed a frost giant
 15970 | IceCv    | Killed a frost giant
 16207 | IceCv    | Got a vibrating platinum amulet
 16225 | IceCv    | Got a dazzling shortbow
 16368 | Lair:4   | Identified the amulet "Puinn" {Harm *Corrode *Drain +Fly rF+ Str+9 Stlth+} (You found it in an ice cave)
 16419 | Lair:4   | Noticed Snorg
 16435 | Lair:4   | Killed Snorg
 16435 | Lair:4   | Received a gift from Okawaru
 16791 | Lair:4   | Found a hole to the Spider Nest.
 17198 | Lair:5   | Reached XP level 14. HP: 126/126 MP: 10/13
 17271 | Lair:5   | Got a brightly glowing cloak
 17282 | Lair:5   | Identified the +1 cloak "Koahy" {MP+9 Str+3} (You found it on level 5 of the Lair of Beasts)
 17342 | Lair:5   | Noticed Zleub's ghost (journeyman GrFi)
 17354 | Lair:5   | Reached skill level 10 in Armour
 17366 | Lair:5   | Killed Zleub's ghost
 17601 | Lair:5   | Received a gift from Okawaru
 18024 | Lair:6   | Entered Level 6 of the Lair of Beasts
 18374 | Lair:6   | Found a staircase to the Slime Pits.
 18374 | Lair:6   | Found a viscous altar of Jiyva.
 18425 | Lair:6   | Received a gift from Okawaru
 18994 | Lair:6   | Reached skill level 1 in Invocations
 19223 | Lair:6   | Reached XP level 15. HP: 133/138 MP: 15/15
 19524 | D:11     | Found a labyrinth entrance.
 19533 | Lab      | Entered a labyrinth
 19700 | Lab      | Noticed Haldmier's ghost (novice MfIE)
 19713 | Lab      | Killed Haldmier's ghost
 19741 | Lab      | Got a faintly humming leather armour
 19758 | D:11     | Identified the cursed +0 leather armour of Fuocs {Str+7} (You found it in a labyrinth)
 20248 | D:11     | Found a portal to a secret trove of treasure.
 20771 | D:12     | Found a staircase to the Orcish Mines.
 20798 | D:12     | Noticed Kirke
 20807 | D:12     | Killed Kirke
 20871 | D:12     | Noticed Rupert
 20891 | D:12     | Killed Rupert
 21022 | D:12     | Reached skill level 5 in Invocations
 21180 | Orc:1    | Entered Level 1 of the Orcish Mines
 21180 | Orc:1    | Found a runed door.
 21530 | Orc:1    | Found a roughly hewn altar of Beogh.
 21609 | Orc:2    | Entered Level 2 of the Orcish Mines
 21621 | Orc:2    | Reached skill level 15 in Fighting
 21633 | Orc:2    | Found a dark tunnel.
 21646 | Volcano  | Entered a volcano
 21813 | Volcano  | Found a bloodstained altar of Trog.
 22104 | Orc:2    | Noticed an orc warlord
 22157 | Orc:1    | Killed an orc warlord
 22157 | Orc:1    | Received a gift from Okawaru
 22277 | Orc:2    | Found a staircase to the Elven Halls.
 22346 | Orc:2    | Found Qiotreh's Assorted Antiques.
 22435 | Orc:2    | Paralysed by an orc sorcerer for 7 turns
 22569 | Orc:2    | Found Imimuze's Gadget Shop.
 22572 | Orc:2    | Found Bus Ruos's Armour Shoppe.
 22572 | Orc:2    | Found Ephoed's Magic Scroll Shoppe.
 22605 | Orc:2    | Bought a +2 pair of boots for 247 gold pieces
 22612 | Orc:2    | Bought a potion of heal wounds for 145 gold pieces
 22622 | Orc:2    | Bought a scroll of enchant armour for 97 gold pieces
 22627 | Orc:2    | Bought a scroll of teleportation for 39 gold pieces
 23612 | D:13     | Reached XP level 16. HP: 131/151 MP: 18/18
 23716 | D:13     | Identified a scroll of acquirement
 23720 | D:13     | Got a pair of crude boots
 23731 | D:13     | Identified the +1 pair of boots of the Poles {rPois Str+2} (You acquired it on level 13 of the Dungeon)
 24000 | D:13     | Found a runed door.
 24025 | D:13     | Paralysed by a chaos spawn for 2 turns
 24116 | D:13     | Noticed a tentacled monstrosity
 24130 | D:13     | Killed a tentacled monstrosity
 25266 | D:14     | Found a basalt altar of Yredelemnul.
 25270 | D:14     | Received a gift from Okawaru
 25339 | D:14     | Found an ancient bone altar of Kikubaaqudgha.
 25563 | D:14     | Got a pair of dazzling boots
 25574 | D:14     | Identified the cursed +0 pair of boots of Makhleb's Hope {rElec} (You found it on level 14 of the Dungeon)
 25837 | D:14     | Found a gate to the Vaults.
 25891 | D:15     | Entered Level 15 of the Dungeon
 26208 | D:15     | Found a staircase to the Depths.
 27268 | Shoals:1 | Entered Level 1 of the Shoals
 27283 | Shoals:1 | Received a gift from Okawaru
 28094 | Shoals:2 | Reached XP level 17. HP: 38/162 MP: 19/19
 28561 | Shoals:1 | Reached skill level 15 in Armour
 28664 | Spider:1 | Entered Level 1 of the Spider Nest
 28910 | Spider:1 | Noticed Asterion
 28929 | Spider:1 | Killed Asterion
 29071 | Spider:1 | Received a gift from Okawaru
 29090 | Spider:1 | Noticed Louise
 29124 | Spider:1 | Killed Louise
 29832 | Spider:2 | Reached ****** piety under Okawaru
 30098 | Spider:2 | Reached skill level 1 in Throwing
 30110 | Spider:2 | Received a gift from Okawaru
 31263 | Spider:4 | Entered Level 4 of the Spider Nest
 31451 | Spider:4 | Reached XP level 18. HP: 172/176 MP: 16/20
 31492 | Spider:4 | Received a gift from Okawaru
 31559 | Spider:4 | Got a pair of faintly humming gloves {god gift}
 31867 | Spider:4 | Reached skill level 1 in Evocations
 31972 | Spider:4 | Got a gossamer rune of Zot
 33327 | Shoals:2 | Got a fine glass ring
 33329 | Shoals:2 | Identified the ring of Nenoguw {Str+4 Int+2} (You found it on level 2 of the Shoals)
 33745 | Shoals:2 | Reached skill level 19 in Unarmed Combat
 34417 | Shoals:4 | Entered Level 4 of the Shoals
 34760 | Shoals:4 | Noticed Ilsuiw
 34801 | Shoals:4 | Reached XP level 19. HP: 52/183 MP: 16/21
 35232 | Shoals:4 | Killed Ilsuiw
 35336 | Shoals:4 | Received a gift from Okawaru
 35570 | Shoals:4 | Reached skill level 20 in Unarmed Combat
 35821 | Shoals:4 | Got a barnacled rune of Zot
 36418 | Vaults:1 | Entered Level 1 of the Vaults
 36501 | Vaults:1 | Noticed Aizul
 36510 | Vaults:1 | Killed Aizul
 36803 | Vaults:1 | Received a gift from Okawaru
 37574 | Vaults:2 | Reached XP level 20. HP: 154/191 MP: 22/22
 37792 | Vaults:2 | Reached skill level 21 in Unarmed Combat
 38460 | Vaults:2 | Identified Aplofer's Tome of Harmful Toxins
 38568 | Vaults:2 | Reached skill level 5 in Dodging
 38703 | Vaults:3 | Found Zegol's Jewellery Shoppe.
 38923 | Vaults:3 | Found Obumumih's Gadget Boutique.
 38978 | Vaults:3 | Found Rofogodd's Magic Scroll Shop.
 39232 | Vaults:3 | Received a gift from Okawaru
 39251 | Vaults:3 | Identified the +0 pair of gloves of Hairiness {rF+ MP+9 Dex+2 Stlth+} (Okawaru gifted it to you on level 4 of the Spider Nest)
 39278 | Vaults:3 | Got a glittering bone ring
 39282 | Vaults:3 | Identified the ring "Rynuqe" {rElec rPois rN++ Str+2 Dex+2} (You found it on level 3 of the Vaults)
 39294 | Vaults:3 | Identified Othri's Grimoire of Venomous Clay
 39409 | Vaults:3 | Found a staircase to the Crypt.
 40000 | Vaults:3 | Found Zaxzicru's Magic Scroll Emporium.
 40014 | Vaults:3 | Bought a scroll of enchant armour for 75 gold pieces
 40351 | Vaults:4 | Noticed Frederick
 40392 | Vaults:4 | Killed from afar by a spellforged servitor

Skill      XL: |  1  2  3  4  5  6  7  8  9 10 11 12 13 14 15 16 17 18 19 20 |
---------------+-------------------------------------------------------------+-----
Unarmed Combat | 4 5 6 7 8 10 11 12 15 18 19 20 21 | 21.8
Armour         | 2 5 7 9 11 13 14 16 17 18 | 18.4
Fighting       | 4 8 9 12 14 15 17 19 | 19.5
Invocations    | 2 5 |  5.2
Throwing       | 2 |  2.1
Evocations     | 3 |  3.4
Dodging        | 9 |  9.0
Stealth        | |  2.8

Action                   |  1- 3 |  4- 6 |  7- 9 | 10-12 | 13-15 | 16-18 | 19-21 || total
-------------------------+-------+-------+-------+-------+-------+-------+-------++-------
Melee: Unarmed           |    93 |   194 |   275 |   671 |  1432 |  1701 |  1036 ||  5402
       Punch             |     4 |     1 |     4 |    48 |   103 |   122 |    94 ||   376
Throw: Javelin           |       |       |       |       |       |    19 |       ||    19
Invok: Heroism           |       |       |       |    30 |    67 |    70 |    48 ||   215
       Finesse           |       |       |       |       |     9 |     7 |     5 ||    21
 Abil: Evoke Flight      |       |       |       |       |       |    11 |     8 ||    19
       Stop Flying       |       |       |       |       |       |       |     1 ||     1
Evoke: Wand              |       |       |       |     1 |       |    18 |     3 ||    22
  Use: Potion            |     1 |       |     1 |     9 |     8 |    16 |     3 ||    38
       Scroll            |       |     9 |     9 |     8 |    13 |    22 |     9 ||    70
 Stab: Sleeping          |     3 |     4 |       |       |       |       |       ||     7
       Distracted        |     1 |       |       |       |       |       |       ||     1
       Invisible         |       |       |       |     6 |       |     1 |       ||     7
  Eat: Chunk             |    11 |     7 |     9 |    17 |   119 |   216 |    87 ||   466
       Meat ration       |       |       |       |     2 |       |     2 |       ||     4
Armor: Robe              |    12 |    35 |       |       |       |       |       ||    47
       Scale mail        |       |       |   106 |   256 |     4 |       |       ||   366
       Plate armour      |       |       |       |       |   910 |  1584 |   543 ||  3037
Dodge: Dodged            |    49 |    99 |   111 |   348 |   585 |  1092 |   440 ||  2724
Block: Other             |       |       |       |       |       |    25 |       ||    25
       Reflection        |       |       |       |       |       |     2 |       ||     2
